 Dungeon Crawl Stone Soup version 0.19.5 (webtiles) character file.

133 galech the Shield-Bearer (level 4, -5/41 HPs)
             Began as a Minotaur Fighter on Mar 12, 2017.
             Killed by divine providence
             ... invoked by an orc priest
              (13 damage)
             ... on level 3 of the Dungeon.
             The game lasted 00:02:39 (1609 turns).

galech the Shield-Bearer (Minotaur Fighter)         Turns: 1609, Time: 00:02:40

Health: -5/41      AC:  8    Str: 23    XL:     4   Next: 94%
Magic:  3/3        EV:  7    Int:  5    God:
Gold:   111        SH: 10    Dex: 10    Spells: 0 memorised, 3 levels left

rFire  x . .     SeeInvis .     a - +0 war axe
rCold  + . .     Gourm    .     b - +0 scale mail
rNeg   . . .     Faith    .     c - +0 shield
rPois  .         Spirit   .     (helmet restricted)
rElec  .         Reflect  .     (no cloak)
rCorr  .         Harm     .     o - +0 pair of gloves
MR     .....                    (no boots)
Stlth  ..........               (no amulet)
                                r - +2 ring of strength
                                l - ring of ice

@: no status effects
A: retaliatory headbutt, horns 2
a: no special abilities


You were on level 3 of the Dungeon.
You were not hungry.

You visited 1 branch of the dungeon, and saw 3 of its levels.

You collected 111 gold pieces.

Inventory:

Hand Weapons
 a - a +0 war axe (weapon)
Armour
 b - a +0 scale mail (worn)
 c - a +0 shield (worn)
 o - a +0 pair of gloves (worn)
Jewellery
 l - a ring of ice (left hand)
 r - a +2 ring of strength (right hand)
Scrolls
 n - a scroll of identify {unknown}
 q - a scroll of magic mapping {unknown}
 s - a scroll of enchant weapon {unknown}
 u - a scroll of fog {unknown}
 v - a scroll of amnesia {unknown}
Potions
 d - a potion of might
 e - 4 potions of curing {unknown}
 j - a potion of lignification {unknown}
 k - 2 potions of magic {unknown}
 m - a potion of flight {unknown}
 p - a potion of berserk rage {unknown}
Comestibles
 f - 2 bread rations
 g - 4 fruits
 h - 2 beef jerkies
 i - 2 chunks of flesh
 t - 2 meat rations


   Skills:
 + Level 4.3 Fighting
 + Level 4.5 Axes
 + Level 4.0 Armour
 + Level 0.4 Dodging
 + Level 0.1 Stealth
 + Level 4.5 Shields


You had 3 spell levels left.
You didn't know any spells.

Dungeon Overview and Level Annotations

Branches:
Dungeon (3/15)

Altars:
Okawaru


Innate Abilities, Weirdness & Mutations

You reflexively headbutt those who attack you in melee.
You have a pair of horns on your head.


Message History

You block the orc priest's attack. The orc wizard hits you with a dagger.
The orc wizard barely misses you.
Your shield prevents you from hitting the orc priest.
Your headbutt misses the orc priest.
The orc priest is almost dead.
You barely miss the orc wizard.
You hit the orc wizard but do no damage.
The orc priest hits you.
* * * LOW HITPOINT WARNING * * *
The orc wizard mumbles some strange words.
The orc wizard flickers and vanishes!
Deactivating autopickup; reactivate with Ctrl-A.
The orc wizard hits you with a dagger.
* * * LOW HITPOINT WARNING * * *
You closely miss the orc priest.
The orc priest is almost dead.
You miss something. You closely miss the orc wizard.
The orc priest mumbles some strange prayers to Beogh against you.
Beogh smites you!
You die...

..####.##.#..........#
.....#.##.#..#.###..#
..##.#.##.#..#.# ...#
..#.......#..#.##...#
..#..#.......#.#....#
..#..#####.....(...###
..#..# #.#.#.......#
..#..# #.#.###.#.###
..#..# # #@# # #.#...
#.{oo...# #.##.#
#.#.##### #.. ..
...... # ### ..# ...#
#..# #..#


You could see an orc priest and an orc wizard.

Vanquished Creatures
  5 adders
  2 oozes (D:1)
  3 worms (D:2)
  2 leopard geckos
  2 orcs (D:3)
  2 giant cockroaches (D:1)
  10 goblins
  3 hobgoblins (D:2)
  11 jackals
  6 kobolds
  2 quokkas (D:2)
  8 bats
  3 frilled lizards
  7 rats
66 creatures vanquished.

Notes
Turn   | Place    | Note
-------+----------+-------------------------------------------
     0 | D:1      | galech the Minotaur Fighter began the quest for the Orb.
     0 | D:1      | Reached XP level 1. HP: 19/19 MP: 0/0
    79 | D:1      | Reached XP level 2. HP: 21/27 MP: 1/1
   423 | D:1      | Reached XP level 3. HP: 33/33 MP: 2/2
   850 | D:2      | Found an iron altar of Okawaru.
  1131 | D:2      | Reached XP level 4. HP: 41/41 MP: 3/3
  1609 | D:3      | Killed from afar by an orc priest

Skill      XL: |  1  2  3  4 |
---------------+-------------+-----
Fighting       | 4 |  4.3
Shields        | 4 |  4.5
Axes           | 3 4 |  4.5
Armour         | 4 |  4.0
Dodging        | |  0.4
Stealth        | |  0.1

Action                   |  1- 3 |  4- 6 || total
-------------------------+-------+-------++-------
Melee: War axe           |   104 |    66 ||   170
       Headbutt          |    10 |     8 ||    18
 Stab: Distracted        |     1 |       ||     1
  Eat: Chunk             |     1 |     2 ||     3
Armor: Scale mail        |    52 |    39 ||    91
Dodge: Dodged            |    32 |    26 ||    58
Block: Shield            |    49 |    44 ||    93
